3AAA
BRINKLEY BELUGAS @ TREMONT DOUBLEDAYS
06/30/2026
 
TOP OF THE 1ST
Brinkley Belugas batting - Pitching for Tremont Doubledays : LHP Alejandro Ramos
Pitching: LHP Alejandro Ramos
Batting: RHB Enrico Betancourt 0-0: Ball
1-0: Called Strike
1-1: Swinging Strike
1-2: Strikes out looking
Batting: LHB Arturo Hernández 0-0: Ball
1-0: Ground out 4-3 (Groundball, 4)
Batting: SHB Joreão Canosa 0-0: SINGLE (Groundball, 25) (infield hit)
Batting: RHB Brandon Cole 0-0: Ball
1-0: Called Strike
1-1: Called Strike
1-2: Foul Ball, location: 2F
1-2: Foul Ball, location: 2F
1-2: Strikes out swinging
Top of the 1st over - 0 run(s), 1 hit(s), 0 error(s), 1 left on base; Brinkley 0 - Tremont 0
BOTTOM OF THE 1ST
Tremont Doubledays batting - Pitching for Brinkley Belugas : RHP Juan Montoya
Pitching: RHP Juan Montoya
Batting: RHB José Cervantes 0-0: Ball
1-0: Foul Ball, location: 2F
1-1: Foul Ball, location: 2F
1-2: Ball
2-2: Ground out 5-3 (Groundball, 5)
Batting: RHB Mario Rivera 0-0: Called Strike
0-1: Foul Ball, location: 2F
0-2: Strikes out swinging
Batting: RHB Menno van de Vlugt 0-0: Ball
1-0: Called Strike
1-1: Foul Ball, location: 2F
1-2: Foul Ball, location: 2F
1-2: Foul Ball, location: 2F
1-2: Ball
2-2: Ball
3-2: SINGLE (Flyball, 7S)
Batting: RHB Arturo Morales 0-0: Swinging Strike
0-1: Ground out 4-3 (Groundball, 34)
Bottom of the 1st over - 0 run(s), 1 hit(s), 0 error(s), 1 left on base; Brinkley 0 - Tremont 0
TOP OF THE 2ND
Brinkley Belugas batting - Pitching for Tremont Doubledays : LHP Alejandro Ramos
Batting: LHB Mario Nieves 0-0: Called Strike
0-1: Foul Ball, location: 2F
0-2: Ball
1-2: Ball
2-2: Ball
3-2: Strikes out swinging
Batting: RHB Arnold Giroux 0-0: SINGLE (Line Drive, 7S)
Batting: RHB Roberto Ramírez 0-0: Ball
1-0: Called Strike
1-1: Ball
2-1: Swinging Strike
2-2: Ball
3-2: Fly out, F8 (Line Drive, 78M)
Batting: RHB Steve Jones 0-0: Fly out, F9 (Flyball, 9S)
Top of the 2nd over - 0 run(s), 1 hit(s), 0 error(s), 1 left on base; Brinkley 0 - Tremont 0
BOTTOM OF THE 2ND
Tremont Doubledays batting - Pitching for Brinkley Belugas : RHP Juan Montoya
Batting: RHB Arturo Morales 0-0: Ball
1-0: Ball
2-0: Foul Ball, location: 2F
2-1: SINGLE (Flyball, 8LS)
Batting: RHB Andrés Gonzáles 0-0: Ball
Wild Pitch!
Arturo Morales to second
1-0: SINGLE (Line Drive, 56D)
Arturo Morales to third
Runner from 3rd tries for Home, SAFE, throw made home
Andrés Gonzáles to second
Batting: RHB Jim Unknown 0-0: Fly out, F9 (Flyball, 89M)
Batting: LHB Cornelius Taitt 0-0: Ball
1-0: Swinging Strike
1-1: Ball
2-1: Called Strike
2-2: Strikes out swinging
Batting: RHB Jim Unknown 0-0: Ground out 5-3 (Groundball, 56S)
Bottom of the 2nd over - 1 run(s), 2 hit(s), 0 error(s), 1 left on base; Brinkley 0 - Tremont 1
TOP OF THE 3RD
Brinkley Belugas batting - Pitching for Tremont Doubledays : LHP Alejandro Ramos
Batting: SHB Zuberi Mccray 0-0: Fly out, F5 (Popup, 5L)
Batting: RHB Enrico Betancourt 0-0: Foul Ball, location: 2F
0-1: Ball
1-1: Foul Ball, location: 2F
1-2: Fly out, F8 (Line Drive, 8LM)
Batting: LHB Arturo Hernández 0-0: Called Strike
0-1: Ball
1-1: Fly out, F7 (Line Drive, 7)
Top of the 3rd over - 0 run(s), 0 hit(s), 0 error(s), 0 left on base; Brinkley 0 - Tremont 1
BOTTOM OF THE 3RD
Tremont Doubledays batting - Pitching for Brinkley Belugas : RHP Juan Montoya
Batting: RHB José Cervantes 0-0: Called Strike
0-1: Ball
1-1: Ball
2-1: Called Strike
2-2: Ball
3-2: Ground out 5-3 (Groundball, 56S)
Batting: RHB Mario Rivera 0-0: Ball
1-0: Called Strike
1-1: DOUBLE (Line Drive, 78D)
Batting: RHB Menno van de Vlugt 0-0: Foul Ball, location: 2F
0-1: Foul Ball, location: 2F
0-2: Ball
1-2: Ground out 6-3 (Groundball, 6M)
Mario Rivera to third
Batting: RHB Arturo Morales 0-0: Fly out, F8 (Flyball, 8LM)
Bottom of the 3rd over - 0 run(s), 1 hit(s), 0 error(s), 1 left on base; Brinkley 0 - Tremont 1
TOP OF THE 4TH
Brinkley Belugas batting - Pitching for Tremont Doubledays : LHP Alejandro Ramos
Batting: SHB Joreão Canosa 0-0: Ball
1-0: Foul Ball, location: 2F
1-1: Ball
2-1: Foul Ball, location: 2F
2-2: Strikes out swinging
Batting: RHB Brandon Cole 0-0: SINGLE (Flyball, 9S)
Batting: LHB Mario Nieves 0-0: SINGLE (Flyball, 8RS)
Brandon Cole to second
Batting: RHB Arnold Giroux 0-0: Called Strike
0-1: Swinging Strike
0-2: Foul Ball, location: 2F
0-2: Strikes out looking
Batting: RHB Roberto Ramírez 0-0: Ball
1-0: Foul Ball, location: 2F
1-1: Ball
2-1: Ball
3-1: Base on Balls
Brandon Cole to third
Mario Nieves to second
Batting: RHB Steve Jones 0-0: Ball
1-0: Ball
2-0: Called Strike
2-1: Fly out, F5 (Popup, 5S)
Top of the 4th over - 0 run(s), 2 hit(s), 0 error(s), 3 left on base; Brinkley 0 - Tremont 1
BOTTOM OF THE 4TH
Tremont Doubledays batting - Pitching for Brinkley Belugas : RHP Juan Montoya
Batting: RHB Arturo Morales 0-0: Swinging Strike
0-1: Foul Ball, location: 2F
0-2: SINGLE (Groundball, 56D)
Batting: RHB Andrés Gonzáles 0-0: Called Strike
0-1: Ball
1-1: Ball
2-1: Grounds into double play, 6-4-3 (Groundball, 6MD)
Batting: RHB Jim Unknown 0-0: Foul Ball, location: 2F
0-1: Swinging Strike
0-2: Ball
1-2: Ball
2-2: Hit by Pitch
Batting: LHB Cornelius Taitt 0-0: Ball
1-0: Ball
2-0: Ball
3-0: Base on Balls
Jim Unknown to second
Batting: RHB Jim Unknown 0-0: Fielders Choice at 2nd, 5-4 (Groundball, 5L)
Bottom of the 4th over - 0 run(s), 1 hit(s), 0 error(s), 1 left on base; Brinkley 0 - Tremont 1
TOP OF THE 5TH
Brinkley Belugas batting - Pitching for Tremont Doubledays : LHP Alejandro Ramos
Batting: SHB Zuberi Mccray 0-0: Ball
1-0: Foul Ball, location: 2F
1-1: Fly out, F6 (Popup, 56D)
Batting: RHB Enrico Betancourt 0-0: Ball
1-0: Ball
2-0: Foul Ball, location: 2F
2-1: Foul Ball, location: 2F
2-2: Strikes out swinging
Batting: LHB Arturo Hernández 0-0: Called Strike
0-1: Called Strike
0-2: Strikes out swinging
Top of the 5th over - 0 run(s), 0 hit(s), 0 error(s), 0 left on base; Brinkley 0 - Tremont 1
BOTTOM OF THE 5TH
Tremont Doubledays batting - Pitching for Brinkley Belugas : RHP Juan Montoya
Batting: RHB José Cervantes 0-0: Foul Ball, location: 2F
0-1: Ball
1-1: Ground out 6-3 (Groundball, 6M)
Batting: RHB Mario Rivera 0-0: Foul Ball, location: 2F
0-1: Ball
1-1: Ground out 4-3 (Groundball, 4S)
Batting: RHB Menno van de Vlugt 0-0: Ball
1-0: Ball
2-0: Ball
3-0: Base on Balls
Batting: RHB Arturo Morales 0-0: Swinging Strike
0-1: Fielders Choice at 2nd, 5-4 (Groundball, 56)
Bottom of the 5th over - 0 run(s), 0 hit(s), 0 error(s), 0 left on base; Brinkley 0 - Tremont 1
TOP OF THE 6TH
Brinkley Belugas batting - Pitching for Tremont Doubledays : LHP Alejandro Ramos
Batting: SHB Joreão Canosa 0-0: Called Strike
0-1: Fly out, F8 (Flyball, 89M)
Batting: RHB Brandon Cole 0-0: Ball
1-0: Swinging Strike
1-1: Called Strike
1-2: Strikes out swinging
Batting: LHB Mario Nieves 0-0: Called Strike
0-1: Ball
1-1: Called Strike
1-2: Ball
2-2: Ball
3-2: Foul Ball, location: 2F
3-2: Fly out, F8 (Flyball, 89S)
Top of the 6th over - 0 run(s), 0 hit(s), 0 error(s), 0 left on base; Brinkley 0 - Tremont 1
BOTTOM OF THE 6TH
Tremont Doubledays batting - Pitching for Brinkley Belugas : RHP Juan Montoya
Batting: RHB Arturo Morales 0-0: Ball
1-0: Ground out 6-3 (Groundball, 6)
Batting: RHB Andrés Gonzáles 0-0: Called Strike
0-1: Ball
1-1: Swinging Strike
1-2: Ball
2-2: Foul Ball, location: 2F
2-2: Strikes out swinging
Batting: RHB Jim Unknown 0-0: Called Strike
0-1: Ball
1-1: Foul Ball, location: 2F
1-2: Strikes out swinging
Bottom of the 6th over - 0 run(s), 0 hit(s), 0 error(s), 0 left on base; Brinkley 0 - Tremont 1
TOP OF THE 7TH
Brinkley Belugas batting - Pitching for Tremont Doubledays : LHP Alejandro Ramos
Batting: RHB Arnold Giroux 0-0: Ground out 6-3 (Groundball, 6D)
Batting: RHB Roberto Ramírez 0-0: Reached via error on a dropped throw, E3
Batting: RHB Steve Jones 0-0: Swinging Strike
0-1: Called Strike
0-2: Ball
Roberto Ramírez is caught stealing 2nd base
1-2: Foul Ball, location: 2F
1-2: Fly out, F7 (Flyball, 7S)
Top of the 7th over - 0 run(s), 0 hit(s), 1 error(s), 0 left on base; Brinkley 0 - Tremont 1
BOTTOM OF THE 7TH
Tremont Doubledays batting - Pitching for Brinkley Belugas : RHP Juan Montoya
Batting: LHB Cornelius Taitt 0-0: SINGLE (Flyball, 8RS)
Batting: RHB Jim Unknown 0-0: Sac Bunt - play at first, batter OUT! 1-4
Cornelius Taitt to second
Pinch Hitting: LHB SaQwan Hackett 0-0: Intentional Walk
Batting: RHB Mario Rivera 0-0: Ground out 4-3 (Groundball, 4MS)
Cornelius Taitt to third
SaQwan Hackett to second
Batting: RHB Menno van de Vlugt 0-0: Intentional Walk
Batting: RHB Arturo Morales 0-0: Fielders Choice at 2nd, 6-4 (Groundball, 6)
Bottom of the 7th over - 0 run(s), 1 hit(s), 0 error(s), 2 left on base; Brinkley 0 - Tremont 1
TOP OF THE 8TH
Brinkley Belugas batting - Pitching for Tremont Doubledays : LHP Alejandro Ramos
Now at 1B: SaQwan Hackett
Batting: SHB Zuberi Mccray 0-0: Called Strike
0-1: Hit by Pitch
Batting: RHB Enrico Betancourt 0-0: Bunted foul
0-1: Bunted foul
0-2: Ball
1-2: Foul Ball, location: 2F
1-2: Fly out, F5 (Popup, 5S)
Pinch Hitting: RHB Shawn Hicks 0-0: Swinging Strike
0-1: Called Strike
0-2: Ball
1-2: Ball
2-2: Strikes out looking
Batting: SHB Joreão Canosa 0-0: Ball
1-0: Ball
2-0: Foul Ball, location: 2F
2-1: Called Strike
2-2: Foul Ball, location: 2F
2-2: Strikes out swinging
Top of the 8th over - 0 run(s), 0 hit(s), 0 error(s), 1 left on base; Brinkley 0 - Tremont 1
BOTTOM OF THE 8TH
Tremont Doubledays batting - Pitching for Brinkley Belugas : RHP Juan Montoya
Now in CF: Manny Carbajal
Batting: RHB Arturo Morales 0-0: Swinging Strike
0-1: Called Strike
0-2: Ball
1-2: Ball
2-2: DOUBLE (Line Drive, 7LM)
Batting: RHB Andrés Gonzáles 0-0: Ball
1-0: Swinging Strike
1-1: Ground out 4-3 (Groundball, 4)
Arturo Morales to third
Batting: RHB Jim Unknown 0-0: Called Strike
0-1: Ball
1-1: Called Strike
1-2: Fly out, F9 (Flyball, 9S)
Batting: LHB Cornelius Taitt 0-0: Intentional Walk
Batting: RHB Jim Unknown 0-0: Ball
1-0: Fly out, F4 (Line Drive, 4)
Bottom of the 8th over - 0 run(s), 1 hit(s), 0 error(s), 2 left on base; Brinkley 0 - Tremont 1
TOP OF THE 9TH
Brinkley Belugas batting - Pitching for Tremont Doubledays : LHP Alejandro Ramos
Batting: RHB Brandon Cole 0-0: Ball
1-0: Swinging Strike
1-1: Ball
2-1: Swinging Strike
2-2: Ball
3-2: Foul Ball, location: 2F
3-2: Foul Ball, location: 2F
3-2: Strikes out swinging
Pitching: RHP Jim Unknown
Batting: LHB Mario Nieves 0-0: Swinging Strike
0-1: Swinging Strike
0-2: Ball
1-2: Ball
2-2: Ball
3-2: SINGLE (Flyball, 89S)
Pinch Runner at 1st Marcos Deleón:
Pinch Hitting: LHB Natale Langushi 0-0: Called Strike
0-1: Ball
1-1: Ball
2-1: SINGLE (Line Drive, 8LS)
Marcos Deleón to second
Pinch Hitting: LHB Eric Porter 0-0: Called Strike
0-1: Swinging Strike
0-2: Strikes out swinging
Pinch Hitting: LHB Peter Paul 0-0: 3-RUN HOME RUN (Flyball, 89XD), Distance : 430 ft
Batting: SHB Zuberi Mccray 0-0: Ball
1-0: Ball
2-0: Fly out, F5 (Line Drive, 5S)
Top of the 9th over - 3 run(s), 3 hit(s), 0 error(s), 0 left on base; Brinkley 3 - Tremont 1
BOTTOM OF THE 9TH
Tremont Doubledays batting - Pitching for Brinkley Belugas : RHP Juan Montoya
Pitching: LHP Ramón García
Now at 1B: Natale Langushi
Now at 2B: Iván Miranda
Now at SS: Marcos Deleón
Now in RF: Peter Paul
Batting: LHB SaQwan Hackett 0-0: Called Strike
0-1: Foul Ball, location: 2F
0-2: Fly out, F8 (Flyball, 8RD)
Batting: RHB Mario Rivera 0-0: Ground out 5-3 (Groundball, 56)
Batting: RHB Menno van de Vlugt 0-0: Ball
1-0: Ball
2-0: Foul Ball, location: 2F
2-1: Ball
3-1: Reached via error on a dropped throw, E3
Batting: RHB Arturo Morales 0-0: Fly out, F8 (Line Drive, 8LD)
Bottom of the 9th over - 0 run(s), 0 hit(s), 1 error(s), 1 left on base; Brinkley 3 - Tremont 1
Monday, March 20th, 2017 - OOTP Baseball 17.12 Build 75